 Dungeon Crawl Stone Soup version 0.30-a0-557-ge2afbf3030 (webtiles) character file.

Game seed: 18164633669871145474

1922 arthad the Magician (level 9, -9/65 HPs)
             Began as a Gnoll Earth Elementalist on Dec 28, 2022.
             Was a Follower of Makhleb.
             Mangled by a wyvern (14 damage)
             ... on level 8 of the Dungeon.
             The game lasted 00:14:47 (7095 turns).

arthad the Magician (Gnoll Earth Elementalist)      Turns: 7095, Time: 00:14:48

Health: -9/65      AC:  8    Str:  8    XL:     9   Next: 17%
Magic:  8/18       EV: 14    Int: 18    God:    Makhleb [*.....]
Gold:   243        SH:  0    Dex: 13    Spells: 13/21 levels left

rFire   . . .      SeeInvis .    J - +2 hammer (drain)
rCold   . . .      Faith    .    (no shield)
rNeg    + . .      Spirit   .    x - +2 robe {Will+}
rPois   .          Reflect  .    m - +2 helmet
rElec   .          Harm     .    i - scarf {shadows}
rCorr   .          Rampage  .    (no gloves)
Will    ++...                    A - +0 pair of boots
Stlth   +++                      (no amulet)
HPRegen 0.30/turn                D - ring of willpower
MPRegen 0.16/turn                F - ring of positive energy

@: no status effects
A: fangs 1, strong nose, distributed training
a: Renounce Religion


You were on level 8 of the Dungeon.
You worshipped Makhleb.
Makhleb was aware of your devotion.
You visited 2 branches of the dungeon, and saw 9 of its levels.
You also visited: Sewer.

You collected 348 gold pieces.
You spent 105 gold pieces at shops.

Inventory:

Hand Weapons
 J - a +2 hammer of draining (weapon)
 L - a +4 quarterstaff of chaos
Missiles
 n - 19 poisoned darts
 q - 6 datura-tipped darts
Armour
 a - a +0 robe
 i - a scarf of shadows (worn)
 l - a +1 animal skin
 m - a +2 helmet (worn)
 x - a +2 robe of willpower (worn)
 A - a +0 pair of boots (worn)
 M - a +0 cloak
Jewellery
 D - a ring of willpower (left hand)
 F - a ring of positive energy (right hand)
Wands
 s - a wand of flame (18)
 C - a wand of charming (17)
 E - a wand of iceblast (14)
Scrolls
 c - 5 scrolls of identify {unknown}
 h - 2 scrolls of poison {unknown}
 j - 2 scrolls of magic mapping
 o - a scroll of fog {unknown}
 p - 3 scrolls of immolation
 r - a scroll of noise {unknown}
 t - 2 scrolls of enchant weapon {unknown}
 v - a scroll of blinking
 w - a scroll of teleportation
 y - a scroll of amnesia {unknown}
 B - a scroll of vulnerability {unknown}
 I - a scroll of enchant armour {unknown}
Potions
 b - a potion of magic
 d - 4 potions of mutation {unknown}
 e - a potion of ambrosia {unknown}
 f - 2 potions of curing
 g - a potion of invisibility {unknown}
 k - a potion of brilliance {unknown}
 u - 3 potions of berserk rage {unknown}
 z - 2 potions of heal wounds {unknown}
 G - 2 potions of might {unknown}
 H - a potion of lignification {unknown}
 K - a potion of cancellation {unknown}


   Skills:
 + Level 4.1 Fighting
 + Level 4.1 Short Blades
 + Level 4.1 Long Blades
 + Level 4.1 Axes
 + Level 4.1 Maces & Flails
 + Level 4.1 Polearms
 + Level 4.1 Staves
 + Level 4.1 Ranged Weapons
 + Level 4.1 Throwing
 + Level 4.1 Armour
 + Level 6.2 Dodging
 + Level 6.0 Stealth
 + Level 4.1 Shields
 + Level 4.1 Unarmed Combat
 + Level 6.5 Spellcasting
 + Level 3.4 Conjurations
 + Level 3.4 Hexes
 + Level 3.4 Summonings
 + Level 3.4 Necromancy
 + Level 3.4 Translocations
 + Level 4.1 Transmutations
 + Level 3.4 Fire Magic
 + Level 3.4 Ice Magic
 + Level 3.4 Air Magic
 + Level 6.5 Earth Magic
 + Level 3.4 Poison Magic
 + Level 4.5 Invocations
 + Level 4.1 Evocations


You had 13 spell levels left.
You knew the following spells:

 Your Spells              Type           Power      Damage    Failure   Level
a - Sandblast             Erth           58%        2d13      1%          1
b - Stone Arrow           Conj/Erth      46%        3d9       4%          3
c - Petrify               Tmut/Erth      25%        N/A       13%         4

Your spell library contained the following spells:

 Spells                   Type           Power      Damage    Failure   Level
 Passwall                 Tmut/Erth      20%        N/A       1%          2


Dungeon Overview and Level Annotations

Branches:
Dungeon (8/15)             Temple (1/1) D:4           Sewer (visited)
   Lair: D:8-11

Altars:
Ashenzari
Cheibriados
Dithmenos
Elyvilon
Fedhas
Gozag
Hepliaklqana
Kikubaaqudgha
Makhleb
Nemelex Xobeh
Okawaru
Qazlal
Ru
Sif Muna
Trog
Uskayaw
Vehumet
Wu Jian
Xom
Yredelemnul
Zin
The Shining One

Shops:
D:2 ?   D:4 ?   D:5 *   D:7 [

Annotations:
D:5 1 runed translucent door, Taurus's ghost, novice MiFi


Innate Abilities, Weirdness & Mutations

You have very sharp teeth.
Your uncanny sense of smell can sniff out nearby items.
Your experience applies equally to all skills.


Message History

The howler monkey barely misses you. The wyvern misses you.
You are too injured to fight recklessly!
You are too injured to fight recklessly!
You are too injured to fight recklessly!
You are too injured to fight recklessly!
You are too injured to fight recklessly!
Aiming: Sandblast (safe; 1% risk of failure)
Press: ? - help, Q - select action, (/) - cycle Shift-Dir - straight line, f - howler monkey
Aim: a howler monkey (81% to hit)
The blast of sand hits the howler monkey!
The howler monkey is severely wounded.
The howler monkey hoots and howls with incredible vigour!
The wyvern completely misses you. The howler monkey misses you.
The wyvern closely misses you.
Aiming: Sandblast (safe; 1% risk of failure)
Press: ? - help, Q - select action, (/) - cycle Shift-Dir - straight line, f/p - howler monkey
Aim: a howler monkey (severely wounded, 81% to hit)
The blast of sand hits the howler monkey!
You kill the howler monkey!
Makhleb accepts your kill. The wyvern bites you!
* * * LOW HITPOINT WARNING * * *
The wyvern bites you but does no damage.
Your Stealth skill increases to level 6!
Aiming: Sandblast (safe; 1% risk of failure)
Press: ? - help, Q - select action, (/) - cycle Shift-Dir - straight line, f - wyvern
Aim: a wyvern (83% to hit)
The blast of sand hits the wyvern!
The wyvern is moderately wounded.
The wyvern hisses menacingly.
The wyvern bites you but does no damage.
The wyvern completely misses you.
Aiming: Sandblast (safe; 1% risk of failure)
Press: ? - help, Q - select action, (/) - cycle Shift-Dir - straight line, f/p - wyvern
Aim: a wyvern (moderately wounded, 83% to hit)
The blast of sand misses the wyvern.
The wyvern closely misses you. The wyvern bites you!
* * * LOW HITPOINT WARNING * * *
The wyvern bites you!
You die...

#.....#
#.....+
#.....#
#.....#
#.....#
#.....#
+...<.#
#.....#
#†@...#
.....l†.###
........#
........#
........#
........#
........#


You could see a wyvern.

Vanquished Creatures
  2 sky beasts (D:7)
  2 ogres (D:6)
  2 centaurs
  2 phantoms
  A kobold brigand (D:6)
  3 bullfrogs
  A necrophage (D:7)
  3 killer bees (D:7)
  3 howler monkeys (D:8)
  A jelly (D:4)
  A hound (D:6)
  A gnoll bouda (D:4)
  2 orc priests
  Crazy Yiuf (D:7)
  Jessica (D:3)
  3 iguanas (D:6)
  6 orc wizards
  Natasha (D:3)
  Robin (D:3)
  5 adders
  3 gnolls (D:4)
  A white imp (D:7)
  An ufetubus (D:6)
  A worm (D:3)
  3 dart slugs
  18 orcs
  5 endoplasms
  9 giant cockroaches
  12 goblins
  7 hobgoblins
  4 jackals (D:2)
  10 kobolds
  15 quokkas
  9 ball pythons
  5 bats
  4 frilled lizards (Sewer)
  2 rats (D:2)
151 creatures vanquished.

Notes
Turn   | Place    | Note
-------+----------+-------------------------------------------
     0 | D:1      | arthad the Gnoll Earth Elementalist began the quest for the
                  | Orb.
     0 | D:1      | Reached XP level 1. HP: 13/13 MP: 6/6
   210 | D:1      | Reached XP level 2. HP: 20/20 MP: 4/7
   762 | D:2      | Found a faded altar of an unknown god.
   949 | D:2      | Reached skill level 5 in Spellcasting
   949 | D:2      | Reached XP level 3. HP: 25/25 MP: 6/9
  1217 | D:2      | Found Tyvosh's Magic Scroll Boutique.
  1225 | D:2      | Bought a scroll of magic mapping for 75 gold pieces
  1304 | D:2      | Reached skill level 1 in Invocations
  1551 | D:3      | Noticed Jessica
  1555 | D:3      | Killed Jessica
  1556 | D:3      | Reached skill level 1 in Fighting
  1556 | D:3      | Reached skill level 1 in Short Blades
  1556 | D:3      | Reached skill level 1 in Long Blades
  1556 | D:3      | Reached skill level 1 in Axes
  1556 | D:3      | Reached skill level 1 in Maces & Flails
  1556 | D:3      | Reached skill level 1 in Polearms
  1556 | D:3      | Reached skill level 1 in Staves
  1556 | D:3      | Reached skill level 1 in Ranged Weapons
  1556 | D:3      | Reached skill level 1 in Throwing
  1556 | D:3      | Reached skill level 1 in Armour
  1556 | D:3      | Reached skill level 1 in Shields
  1556 | D:3      | Reached skill level 1 in Unarmed Combat
  1556 | D:3      | Reached skill level 1 in Evocations
  1556 | D:3      | Reached XP level 4. HP: 32/32 MP: 8/11
  1805 | D:3      | Found a stormy altar of Qazlal.
  1816 | D:3      | Reached skill level 1 in Conjurations
  1816 | D:3      | Reached skill level 1 in Hexes
  1816 | D:3      | Reached skill level 1 in Summonings
  1816 | D:3      | Reached skill level 1 in Necromancy
  1816 | D:3      | Reached skill level 1 in Translocations
  1816 | D:3      | Reached skill level 1 in Fire Magic
  1816 | D:3      | Reached skill level 1 in Ice Magic
  1816 | D:3      | Reached skill level 1 in Air Magic
  1816 | D:3      | Reached skill level 1 in Poison Magic
  1819 | D:3      | Noticed Robin
  1823 | D:3      | Killed Robin
  2182 | D:3      | Reached XP level 5. HP: 37/37 MP: 8/12
  2183 | D:3      | Noticed Natasha
  2211 | D:3      | Killed Natasha
  2506 | D:4      | Reached XP level 6. HP: 44/44 MP: 8/13
  2535 | D:4      | Found a glowing drain.
  2547 | Sewer    | Entered a sewer
  2794 | Sewer    | Reached skill level 5 in Dodging
  2899 | D:4      | Found Kurhod's Magic Scroll Emporium.
  2908 | D:4      | Bought a scroll of teleportation for 30 gold pieces
  2971 | D:4      | Reached XP level 7. HP: 42/50 MP: 6/15
  3115 | D:4      | Found a staircase to the Ecumenical Temple.
  3122 | Temple   | Entered the Ecumenical Temple
  3321 | Temple   | Became a worshipper of Makhleb the Destroyer
  4189 | D:5      | Entered Level 5 of the Dungeon
  4278 | D:5      | Found a shimmering altar of Xom.
  4477 | D:5      | Found an opulent altar of Gozag.
  4480 | D:5      | Found Gozag's Platinum Reserve.
  4520 | D:5      | Found a runed translucent door.
  4520 | D:5      | Found the +11 Singing Sword {sonic wave}
  4521 | D:5      | Noticed Taurus's ghost (novice MiFi)
  4654 | D:5      | Found a snail-covered altar of Cheibriados.
  4655 | D:5      | Found a bloodstained altar of Trog.
  4655 | D:5      | Found a shimmering blue altar of Sif Muna.
  4679 | D:5      | Reached skill level 5 in Stealth
  4778 | D:5      | Found a radiant altar of Vehumet.
  5390 | D:6      | Reached XP level 8. HP: 44/58 MP: 10/16
  5609 | D:6      | Noticed a +0 spear
  5610 | D:6      | Noticed a +0 falchion
  5668 | D:6      | Found a hide-covered altar of Uskayaw.
  5670 | D:6      | Noticed a +0 spear
  5670 | D:6      | Noticed a +0 short sword
  5670 | D:6      | Noticed a +0 dagger
  5671 | D:6      | Noticed a +0 falchion
  5671 | D:6      | Noticed a +0 dagger
  5672 | D:6      | Noticed a +0 short sword
  6058 | D:7      | Found Jyddityo's Armour Emporium.
  6090 | D:7      | Found a glowing golden altar of the Shining One.
  6167 | D:7      | Learned a level 3 spell: Stone Arrow
  6172 | D:7      | Learned a level 4 spell: Petrify
  6253 | D:7      | Reached * piety under Makhleb
  6352 | D:7      | Found a runed translucent door.
  6355 | D:7      | Noticed Crazy Yiuf
  6462 | D:7      | Reached XP level 9. HP: 29/65 MP: 13/18
  6693 | D:7      | Found a sacrificial altar of Ru.
  6694 | D:7      | Found a basalt altar of Yredelemnul.
  7018 | D:7      | Killed Crazy Yiuf
  7095 | D:8      | Mangled by a wyvern

Illustrated notes

Levels and vault maps discovered:
D:1:      onia_arrival_pentagram, layout_basic, nicolae_titane
D:2:      layout_basic, hellmonk_ecumenical_altar_pennies_from_heaven,
          serial_shops, nicolae_shop_crystal
D:3:      layout_basic, nicolae_qazlal_general_emergency, uniq_natasha,
          uniq_jessica, uniq_robin
D:4:      layout_loops_ring, minmay_temple_entry_hall, gup_sewer_entry_pipe,
          serial_shops, nicolae_diamond_shop, roderic_lattice_a
D:5:      layout_basic, nicolae_vehumet_altar_sigil, old_standard_altar,
          nicolae_gozag_zags_fifth_avenue,
          chequers_temple_overflow_statue_of_worship, ebering_ghost_inner_flame,
          kennysheep_crisscross, dk_noncrumbling_2
D:6:      layout_rooms, nicolae_uskayaw_en_pointe, serial_glass,
          glass_columns_a, glass_columns_a
D:7:      layout_cave_pools, nicolae_tso_carved_into_rock,
          gammafunk_temple_overflow_statue, serial_shops, shop,
          small_statue_intersection, uniq_crazy_yiuf_cottage
D:8:      layout_gridville, patterned_corridor
Temple:   grunt_temple_mini_profane

Skill      XL: |  1  2  3  4  5  6  7  8  9 |
---------------+----------------------------+-----
Transmutations | 2 3 4 |  4.1
Spellcasting   | 5 6 |  6.5
Invocations    | 1 2 3 4 |  4.5
Fighting       | 1 2 3 4 |  4.1
Short Blades   | 1 2 3 4 |  4.1
Long Blades    | 1 2 3 4 |  4.1
Axes           | 1 2 3 4 |  4.1
Maces & Flails | 1 2 3 4 |  4.1
Polearms       | 1 2 3 4 |  4.1
Staves         | 1 2 3 4 |  4.1
Ranged Weapons | 1 2 3 4 |  4.1
Throwing       | 1 2 3 4 |  4.1
Armour         | 1 2 3 4 |  4.1
Shields        | 1 2 3 4 |  4.1
Unarmed Combat | 1 2 3 4 |  4.1
Evocations     | 1 2 3 4 |  4.1
Conjurations   | 1 2 3 |  3.4
Hexes          | 1 2 3 |  3.4
Summonings     | 1 2 3 |  3.4
Necromancy     | 1 2 3 |  3.4
Translocations | 1 2 3 |  3.4
Fire Magic     | 1 2 3 |  3.4
Ice Magic      | 1 2 3 |  3.4
Air Magic      | 1 2 3 |  3.4
Poison Magic   | 1 2 3 |  3.4
Dodging        | 5 6 |  6.2
Stealth        | 5 6 |  6.0
Earth Magic    | 6 |  6.5

Action                   |  1- 3 |  4- 6 |  7- 9 || total
-------------------------+-------+-------+-------++-------
Melee: Unarmed           |       |     2 |       ||     2
       Bite              |       |     1 |       ||     1
Throw: Dart              |       |     3 |       ||     3
 Cast: Sandblast         |    37 |    99 |   119 ||   255
  Use: Scroll            |       |     1 |       ||     1
       Potion            |       |       |     3 ||     3
Armor: Robe              |     2 |     1 |    24 ||    27
       Animal skin       |       |     7 |       ||     7
Dodge: Dodged            |     5 |    14 |    70 ||    89

Table legend: (Time is in decaauts)
 A = Elapsed time spent in this place.
 B = Non-inter-level travel time spent in this place.
 C = Inter-level travel time spent in this place.
 D = Time resting spent in this place.
 E = Time spent auto-exploring this place.
 F = Levels seen in this place.
 G = Mean time per level.
                   A        B        C        D        E       F      G
               +--------+--------+--------+--------+--------+-----+--------+
         Total |   7267 |   6929 |    338 |    164 |   5815 |  10 |  726.7 |
       Dungeon |   6660 |   6386 |    274 |    164 |   5398 |   8 |  832.5 |
        Temple |    227 |    163 |     64 |      0 |    155 |   1 |  227.0 |
         Sewer |    378 |    378 |      0 |      0 |    262 |   1 |  378.0 |
               +--------+--------+--------+--------+--------+-----+--------+

Top non-repeatable levels by time:
     D:4: 1202 daAuts
     D:5: 1123 daAuts
     D:7: 1063 daAuts
     D:3: 942 daAuts
     D:2: 844 daAuts
     D:6: 753 daAuts
     D:1: 712 daAuts
   Sewer: 378 daAuts
  Temple: 227 daAuts
     D:8: 19 daAuts
